 Dungeon Crawl Stone Soup version 0.31-a0-1104-g3bd3108e02 (webtiles) character file.

Game seed: 17334197426296599518

869326 Armakuni the Demon Slayer (level 27, -1/247 HPs)
             Began as a Hill Orc Monk on Dec 1, 2023.
             Was a High Priest of the Shining One.
             Slain by a death cob (21 damage)
             ... on level 4 of the Realm of Zot on Dec 2, 2023.
             The game lasted 04:46:16 (69890 turns).

Armakuni the Demon Slayer (Hill Orc Monk)          Turns: 69890, Time: 04:46:17

Health: -1/247     AC: 41    Str: 23 (24) XL:     27
Magic:  11/28      EV: 20    Int:  6      God:    the Shining One [*****.]
Gold:   4063       SH: 19    Dex: 33      Spells: 27/28 levels left

rFire   + + .        a - +9 double sword (heavy)
rCold   + . .        d - +2 kite shield {reflect}
rNeg    + + +        w - +8 gold dragon scales
rPois   +            p - +1 helmet of Nihilism {rC+ Dex+4 SInv}
rElec   +            e - +1 cloak {rCorr}
rCorr   +            f - +2 pair of gloves of Lugonu's Hope {Dex+7 Slay-2}
SInv    +            X - +1 pair of boots {rampage}
Will    ++++.        E - amulet of the Air {Inacc Air Fly rElec RMsl} Stlth
                     F - ring of protection from fire
HPRegen 0.61/turn    V - ring "Ceuh" {rPois rN++ Str+6 Dex+3}
MPRegen 0.21/turn

%: inaccuracy (-5), random rage (3%), repel missiles, reflection, rampage
@: flying, slowed, glowing, very slow
A: berserk 1, clumsy 2, deterioration 1, dopey 2, low MP 3, strong-willed 2,
screaming 1, teleportitis 1, cold vulnerability 1
}: 10/15 runes: serpentine, barnacled, slimy, silver, abyssal, demonic, glowing,
magical, fiery, dark
a: Renounce Religion, Divine Shield, Cleansing Flame, Summon Divine Warrior


You were on level 4 of the Realm of Zot.
You worshipped the Shining One.
The Shining One was extremely pleased with you.
You visited 12 branches of the dungeon, and saw 56 of its levels.
You visited Pandemonium 2 times, and saw 17 of its levels.
You visited the Abyss 2 times.
You also visited: Trove, Bailey, Gauntlet, Volcano and Desolation.

You collected 9558 gold pieces.
You spent 5495 gold pieces at shops.

Inventory:

Hand Weapons
 a - a +9 heavy double sword (weapon)
 b - the +9 sling of Wuji {freeze, rPois Will+ Int+3}
   (You took it off a naga on level 4 of the Snake Pit)

   Int+3:     It affects your intelligence (+3).
   rPois:     It protects you from poison Will+: It increases your willpower.
 C - a +6 eudemon blade of holy wrath
Armour
 d - a +2 kite shield of reflection (worn)
 e - a +1 cloak of preservation (worn)
 f - the +2 pair of gloves of Lugonu's Hope (worn) {Dex+7 Slay-2}
   (You bought it in a shop on level 1 of the Dungeon)

   Dex+7:     It affects your dexterity (+7).
   Slay-2:    It affects your accuracy & damage with ranged weapons and melee
   (-2).
 p - the +1 helmet of Nihilism (worn) {rC+ Dex+4 SInv}
   (You found it in a treasure trove)

   Dex+4:     It affects your dexterity (+4).
   rC+:       It protects you from cold.
   SInv:      It lets you see invisible.
 w - +8 gold dragon scales (worn)
 X - a +1 pair of boots of rampaging (worn)
Jewellery
 E - the amulet of the Air (around neck) {Inacc Air Fly rElec RMsl}
   (You found it on level 5 of the Pits of Slime)

   [amulet of nothing]

   Inacc:     It reduces the accuracy of your attacks and spells.
   Air:       It enhances your air magic.
   rElec:     It insulates you from electricity.
   Fly:       It grants you flight.
   RMsl:      It protects you from missiles.
 F - a ring of protection from fire (left hand)
 K - a ring of resist corrosion
 R - an amulet of regeneration
 V - the ring "Ceuh" (right hand) {rPois rN++ Str+6 Dex+3}
   (You took it off a vault sentinel on level 5 of the Vaults)

   [ring of strength]

   Str+6:     It affects your strength (+6).
   Dex+3:     It affects your dexterity (+3).
   rPois:     It protects you from poison rN++: It greatly protects you from
   negative energy.
 W - a ring of willpower
Wands
 c - a wand of charming (87)
 m - a wand of digging (18)
 q - a wand of mindburst (17)
 r - a wand of roots (34)
 u - a wand of light (12)
 v - a wand of flame (79)
Scrolls
 l - 8 scrolls of immolation
 n - a scroll of silence
 s - 9 scrolls of fog
 x - 6 scrolls of vulnerability
 B - 37 scrolls of identify
 M - 14 scrolls of fear
 O - 2 scrolls of poison
 Q - 6 scrolls of teleportation
 S - 5 scrolls of noise
 Z - 9 scrolls of amnesia
Potions
 k - 4 potions of might
 t - 11 potions of lignification
 z - a potion of cancellation
 A - 5 potions of mutation
 H - 11 potions of haste
 I - 11 potions of enlightenment
Miscellaneous
 h - a box of beasts (inert)
 J - a condenser vane (quivered)


   Skills:
 - Level 20.3 Fighting
 O Level 27 Long Blades
 - Level 25.6 Ranged Weapons
 - Level 17.8 Armour
 - Level 20.0 Dodging
 - Level 15.0 Shields
 - Level 1.0 Spellcasting
 + Level 5.6 Translocations
 O Level 27 Invocations
 - Level 10.0 Evocations


You had 27 spell levels left.
You knew the following spells:

 Your Spells              Type           Power      Damage    Failure   Level
z - Apportation           Tloc           14%        N/A       86%         1

Your spell library contained the following spells:

 Spells                   Type           Power      Damage    Failure   Level
 Blink                    Tloc           14%        N/A       94%         2
 Gell's Gravitas          Tloc           7%         N/A       99%         3
 Teleport Other           Tloc           7%         N/A       99%         3
 Foxfire                  Conj/Fire      0%         2x1d4     100%        1
 Freeze                   Ice            0%         1d3       100%        1
 Magic Dart               Conj           0%         1d3       100%        1
 Necrotise                Necr           0%         1d4       100%        1
 Sandblast                Erth           0%         2d4       100%        1
 Slow                     Hex            0%         N/A       100%        1
 Sting                    Tmut/Pois      0%         1d3       100%        1
 Summon Small Mammal      Summ           0%         N/A       100%        1
 Call Imp                 Summ           0%         N/A       100%        2
 Cigotuvi's Dreadful Rot  Necr/Pois/Air  0%         N/A       100%        2
 Ensorcelled Hibernation  Hex/Ice        0%         N/A       100%        2
 Jinxbite                 Hex            0%         N/A       100%        2
 Momentum Strike          Conj/Tloc      6%         3d8       100%        2
 Passwall                 Tmut/Erth      0%         N/A       100%        2
 Poisonous Vapours        Pois/Air       0%         N/A       100%        2
 Static Discharge         Conj/Air       0%         3-3/arc   100%        2
 Sublimation of Blood     Necr           0%         N/A       100%        2
 Wereblood                Tmut           0%         N/A       100%        2
 Call Canine Familiar     Summ           0%         N/A       100%        3
 Confusing Touch          Hex            0%         N/A       100%        3
 Dazzling Flash           Conj/Hex       0%         N/A       100%        3
 Hailstorm                Conj/Ice       0%         3d3       100%        3
 Ignite Poison            Fire/Tmut/Pois 0%         N/A       100%        3
 Inner Flame              Hex/Fire       0%         N/A       100%        3
 Mephitic Cloud           Conj/Pois/Air  0%         N/A       100%        3
 Ozocubu's Armour         Ice            0%         N/A       100%        3
 Sigil of Binding         Hex            0%         N/A       100%        3
 Stone Arrow              Conj/Erth      0%         3d7       100%        3
 Summon Guardian Golem    Hex/Summ       0%         N/A       100%        3
 Swiftness                Air            0%         N/A       100%        3
 Tukima's Dance           Hex            0%         N/A       100%        3
 Vampiric Draining        Necr           0%         2d6       100%        3
 Volatile Blastmotes      Fire/Tloc      6%         2d10      100%        3
 Airstrike                Air            0%         2d(0-16)  100%        4
 Anguish                  Hex/Necr       0%         N/A       100%        4
 Animate Armour           Summ/Erth      0%         N/A       100%        4
 Brom's Barrelling Bould  Conj/Erth      0%         2d3       100%        4
 Cause Fear               Hex            0%         N/A       100%        4
 Dimensional Bullseye     Hex/Tloc       1%         N/A       100%        4
 Fulminant Prism          Conj/Hex       0%         3d5       100%        4
 Iskenderun's Mystic Bla  Conj/Tloc      3%         2d3       100%        4
 Leda's Liquefaction      Hex/Erth       0%         N/A       100%        4
 Manifold Assault         Tloc           7%         N/A       100%        4
 Passage of Golubria      Tloc           7%         N/A       100%        4
 Petrify                  Tmut/Erth      0%         N/A       100%        4
 Sticky Flame             Conj/Fire      0%         2d3       100%        4
 Summon Ice Beast         Ice/Summ       0%         N/A       100%        4
 Summon Lightning Spire   Summ/Air       0%         N/A       100%        4
 Agony                    Necr           0%         N/A       100%        5
 Alistair's Intoxication  Tmut/Pois      0%         N/A       100%        5
 Arcjolt                  Conj/Air       0%         1d10      100%        5
 Fireball                 Conj/Fire      0%         3d3       100%        5
 Freezing Cloud           Conj/Ice/Air   0%         6-21      100%        5
 Irradiate                Conj/Tmut      0%         3d11      100%        5
 Iskenderun's Battlesphe  Conj           0%         2d6       100%        5
 Lee's Rapid Deconstruct  Erth           0%         3d4*      100%        5
 Silence                  Hex/Air        0%         N/A       100%        5
 Summon Forest            Summ/Tloc      1%         N/A       100%        5
 Summon Mana Viper        Hex/Summ       0%         N/A       100%        5
 Yara's Violent Unravell  Hex/Tmut       0%         3d3       100%        5
 Bombard                  Conj/Erth      0%         9d1       100%        6
 Conjure Ball Lightning   Conj/Air       0%         3x3d6     100%        6
 Dispersal                Tloc           3%         N/A       100%        6
 Eringya's Noxious Bog    Tmut/Pois      0%         4d6       100%        6
 Simulacrum               Ice/Necr       0%         N/A       100%        6
 Starburst                Conj/Fire      0%         6d3       100%        6
 Enfeeble                 Hex            0%         N/A       100%        7
 Haunt                    Necr/Summ      0%         N/A       100%        7
 Orb of Destruction       Conj           0%         9d5       100%        7
 Ozocubu's Refrigeration  Ice            0%         4d7       100%        7
 Spellforged Servitor     Conj/Summ      0%         N/A       100%        7
 Summon Hydra             Summ           0%         N/A       100%        7
 Borgnjor's Revivificati  Necr           0%         N/A       100%        8
 Ignition                 Fire           0%         3d3       100%        8
 Chain Lightning          Conj/Air       0%         N/A       100%        9
 Dragon's Call            Summ           0%         N/A       100%        9
 Fire Storm               Conj/Fire      0%         5d1       100%        9
 Polar Vortex             Ice            0%         N/A       100%        9
 Shatter                  Erth           0%         3d5*      100%        9


Dungeon Overview and Level Annotations

Branches:
Dungeon (15/15)            Temple (1/1) D:4            Lair (5/5) D:8
 Shoals (4/4) Lair:2        Snake (4/4) Lair:2        Slime (5/5) Lair:5
    Orc (2/2) D:12            Elf (3/3) Orc:2        Vaults (5/5) D:14
  Crypt (3/3) Vaults:3       Tomb (0/3) Crypt:3      Depths (4/4) D:15
    Zot (5/5) Depths:4     Bailey (visited)         Volcano (visited)
Desolation (visited)      Gauntlet (visited)

Altars:
Ashenzari
Cheibriados
Dithmenos
Elyvilon
Fedhas
Gozag
Hepliaklqana
Kikubaaqudgha
Makhleb
Nemelex Xobeh
Okawaru
Qazlal
Ru
Sif Muna
Trog
Uskayaw
Vehumet
Wu Jian
Xom
Yredelemnul
Zin
The Shining One
Beogh
Jiyva
Lugonu

Shops:
D:1 :[[   D:7 [   D:12 [   D:13 *   Orc:2 *=[(:   Elf:2 *?   Elf:3 !
Shoals:4 :   Snake:1 *   Snake:4 !   Vaults:1 *   Vaults:2 [   Vaults:3 [
Depths:1 (((

Portals:
Hell: Lair:5 Depths:1 Depths:2 Depths:3 Depths:4
Abyss: Depths:1 Depths:2 Depths:3
Pandemonium: Depths:2 Depths:4
Ziggurat: Depths:3

Annotations:
D:6 1 runed translucent door, exclusion: door, PanSaczeczos's ghost, novice DEHs
Orc:1 exclusion: downstairs


Innate Abilities, Weirdness & Mutations

You sometimes lose your temper in combat.
You are very clumsy. (Dex -4)
Your body sometimes deteriorates upon taking damage.
You are very dopey. (Int -4)
Your magical capacity is extremely low. (-30% MP)
You are highly strong-willed. (Will++)
You occasionally shout uncontrollably at your foes.
You are occasionally teleported next to monsters.
You are vulnerable to cold. (rC-)


Message History

Your butterfly disappears in a burst of colours!
The death cob closely misses your butterfly.
The death cob completely misses your butterfly.
You swap places.
A ghost moth comes into view.
Found a robe.
Your butterfly is engulfed in blazing flames.
Your butterfly dies!
Your butterfly disappears in a burst of colours!
The death cob barely misses your butterfly.
Your butterfly is engulfed in blazing flames.
Your butterfly dies!
Your butterfly disappears in a burst of colours!
You block the ghost moth's attack. x2; The ghost moth barely misses you.
You slice the ghost moth!!
The ghost moth is heavily wounded.
The death cob misses your butterfly. The death cob hits your butterfly.
Your butterfly dies!
Your butterfly disappears in a burst of colours!
The ghost moth completely misses you. You block the ghost moth's attack.
The ghost moth stings you but does no damage.
You closely miss the ghost moth.
The ghost moth is heavily wounded.
The death cob hits your butterfly!!
Your butterfly dies!
Your butterfly disappears in a burst of colours!
The ghost moth completely misses you. You block the ghost moth's attack. x2
You hit the ghost moth but do no damage.
The ghost moth is heavily wounded.
The death cob hits you!
* * * LOW HITPOINT WARNING * * *
The death cob drains your vigour!
You feel yourself slow down. You block the ghost moth's attack. x3
The death cob hits you but does no damage.
You open the ghost moth like a pillowcase!!!!
You kill the ghost moth!
You block the death cob's attack.
The death cob hits you but does no damage.
The death cob hits you!!
You die... ....# . ..!.. ..... ......# .#.... .... ......b##°...##.. .b...b...b..#*z# ...b.bbb...##..# ......bbb..#≈##.# ..b.bbbb.bb#≈

..
.?..bbbbzb.##
.#
.....b.@###+
≈≈ ..
####+##b†...[#
## ...
#.bb....# ...
#........ ...
#........ ...
#........ ...
######### ...
....##


You could see a death cob.

Vanquished Creatures
  Cerebov (Pan)
  the Royal Jelly (Slime:5)
  Gloorx Vloq (Pan)
  A dread lich (Vaults:4)
  A seraph (Pan)
  Mnoleg (Pan)
  5 orbs of fire
  Mara (Depths:1)
  Mennas (Crypt:2)
  Frederick (Vaults:2)
  Boris (Crypt:3)
  6 pandemonium lords (Pan)
  Parghit (Depths:4)
  Bai Suzhen (Crypt:2)
  Xtahua (Crypt:2)
  Margery (Vaults:3)
  Saint Roka (Snake:4)
  A caustic shrike (Depths:2)
  8 golden dragons
  2 profane servitors (Crypt:2)
  A bone dragon (Abyss:5)
  Nikola (Depths:1)
  A Tzitzimitl (Pan)
  Norris (Vaults:1)
  An electric golem (Zot:1)
  Rupert (D:14)
  A Brimstone Fiend (Pan)
  11 tentacled monstrosities
  3 Ice Fiends (Pan)
  Zenata (Crypt:1)
  9 liches
  A walking divine tome (Depths:4)
  4 Orb Guardians (Zot:5)
  4 Hell Sentinels (Pan)
  A walking earthen tome (Depths:3)
  2 deep elf blademasters (Elf:3)
  2 deep elf master archers (Elf:3)
  Asterion (Vaults:1)
  5 titans
  3 death cobs
  4 quicksilver dragons
  Gastronok (D:10)
  22 acid blobs
  3 sphinxes
  4 shadow dragons
  6 tentacled starspawn
  An eldritch tentacle (Pan)
  25 Executioners (Pan)
  6 storm dragons
  8 ancient champions
  Agnes (D:14)
  Aizul (D:15)
  Roxanne (Elf:1)
  The ghost of bmj180 the Destroyer, an adept HuCj of Sif Muna (Snake:1)
  Donald (Orc:1)
  Ilsuiw (Shoals:4)
  13 azure jellies
  5 tengu reavers
  3 demonspawn warmongers (Pan)
  14 rockslimes
  6 nagarajas (Snake:4)
  7 daevas (Pan)
  A draconian monk (Zot:1)
  11 frost giants
  20 balrugs (Pan)
  8 fire giants
  2 iron dragons
  6 revenants
  3 deep elf sorcerers
  A ghost moth (Zot:4)
  The ghost of Kischierch the Skirmisher, an adept OpHs of Hepliaklqana (Shoals:3)
  12 vault wardens
  7 deep elf elementalists
  Louise (Shoals:1)
  3 curse skulls
  4 spectral caustic shrikes (Depths:4)
  5 spriggan defenders
  3 reapers (Pan)
  2 draconian annihilators
  An orc warlord (Vaults:3)
  21 angels
  4 draconian shifters
  6 ghouls
  10 cacodemons
  16 ironbound preservers
  3 war gargoyles
  A draconian stormcaller (Depths:4)
  13 stone giants
  4 demonspawn corrupters (Pan)
  5 quicksilver oozes
  9 ironbound thunderhulks
  12 vampire knights
  39 very ugly things
  11 ophanim (Pan)
  5 formless jellyfish
  5 demonspawn black suns (Pan)
  A juggernaut skeleton (Depths:1)
  5 demonspawn blood saints (Pan)
  3 green draconians
  11 apis (Pan)
  10 lorocyprocas
  Azrael (D:12)
  The ghost of heinrich the Eclecticist, a journeyman DjFE of Makhleb (Lair:5)
  2 white draconians (Zot:4)
  3 black draconians
  19 dire elephants
  9 deep elf demonologists
  2 spark wasps (Depths:1)
  8 deep elf annihilators
  4 red draconians
  2 pale draconians (Depths:4)
  A minotaur (Gauntlet)
  4 purple draconians
  3 yellow draconians
  Snorg (Lair:4)
  6 blizzard demons (Pan)
  6 eidola
  10 deep elf death magi
  3 merfolk javelineers
  A spectral kraken (Shoals:2)
  13 jiangshi
  2 mummy priests (Crypt:3)
  11 ettins
  5 merfolk impalers
  An entropy weaver (shapeshifter) (Vaults:4)
  3 ragged hierophants
  3 entropy weavers
  13 green deaths
  3 deep elf high priests
  8 fire dragons
  6 crystal guardians
  11 ice dragons
  Josephine (Lair:3)
  36 vault guards
  12 great orbs of eyes
  A quicksilver dragon skeleton (Pan)
  4 hell beasts
  12 hydras
  4 ironbound frosthearts
  11 rakshasas
  17 yaktaur captains
  3 spriggan skeletons
  A catoblepas (Lair:4)
  4 merfolk avatars (Shoals:4)
  7 boulder beetles
  The ghost of dannycarnage the Summoner, a journeyman BaCj of Hepliaklqana (D:9)
  8 ogre magi
  3 death knights
  5 peacekeepers
  3 ghost crabs (Shoals:2)
  2 salamander tyrants (Snake:4)
  A bennu zombie (Crypt:1)
  4 satyrs
  21 dancing weapons
  8 spriggan air magi
  7 centaur warriors
  3 merfolk aquamancers
  22 two-headed ogres
  8 deep troll earth magi
  A sphinx skeleton (Depths:2)
  7 anacondas
  9 deep troll shamans
  Erica (Orc:1)
  Urug (D:12)
  2 titan zombies
  An alligator snapping turtle (shapeshifter) (Elf:3)
  6 tengu warriors
  11 naga warriors
  5 hell hogs
  15 thrashing horrors
  6 death yaks (D:8)
  4 orc high priests
  6 vampire magi
  10 demonic crawlers
  16 naga sharpshooters
  10 shock serpents
  4 spriggans
  4 occultists
  25 deep elf knights
  6 spriggan berserkers
  46 sun demons (Pan)
  18 soul eaters
  21 skeletal warriors
  12 shadow wraiths
  10 wretched stars
  18 sixfirhies
  12 iron trolls
  8 hell knights
  A fire crab (Gauntlet)
  6 flayed ghosts
  An anaconda zombie (Crypt:1)
  3 salamander mystics
  22 sea snakes
  9 cherubim (Pan)
  5 skysharks
  2 storm dragon skeletons
  65 deep trolls
  10 glowing orange brains
  6 shadow demons (Pan)
  10 arcanists
  24 ironbound convokers
  10 lindwurms
  A steelbarb worm (shapeshifter) (Vaults:4)
  Pikel (D:5)
  8 deep elf archers
  An anaconda skeleton (Crypt:2)
  A harpy (shapeshifter) (D:15)
  4 naga ritualists
  6 necromancers
  3 wolf spiders
  14 orc knights
  35 deep elf pyromancers
  14 phantasmal warriors
  2 shining eyes (Pan)
  9 mana vipers
  7 harpies
  2 orc sorcerers
  2 shadow dragon skeletons
  27 deep elf zephyrmancers
  5 cyclopes
  A frost giant zombie (Vaults:4)
  19 manticores
  A stone giant zombie (Vaults:4)
  42 ugly things
  26 fauns
  A kobold blastminer (Orc:2)
  26 salamanders
  24 black mambas
  11 merfolk sirens
  12 moths of wrath
  Maurice (Orc:1)
  14 elephants
  A frost giant skeleton (Crypt:3)
  A salamander (shapeshifter) (Depths:4)
  A fire giant skeleton (Depths:2)
  25 naga magi
  4 guardian serpents
  2 rust devils (Pan)
  A centaur zombie (Crypt:3)
  An eye of devastation (Slime:2)
  33 smoke demons
  31 vault sentinels
  9 cane toads
  4 gargoyles
  8 water nymphs
  An alligator snapping turtle zombie (Crypt:2)
  A titan simulacrum (Depths:2)
  A spectral sea snake (Shoals:2)
  19 orange demons
  6 hellions
  An orc skeleton (Pan)
  Jeremiah (D:7)
  2 freezing wraiths
  23 large abominations
  A minotaur zombie (Gauntlet)
  5 tormentors (Pan)
  2 unseen horrors (D:12)
  4 rime drakes
  A yaktaur zombie (Vaults:4)
  7 komodo dragons
  4 kobold demonologists
  36 yaktaurs
  A sea snake zombie (Crypt:1)
  A catoblepas zombie (Crypt:1)
  A spectral water nymph (Shoals:2)
  3 tengu conjurers
  11 efreet
  4 ice devils
  A grey draconian skeleton (Crypt:1)
  2 ancient zymes (Abyss:5)
  5 red devils (Pan)
  3 guardian mummies (Crypt:3)
  5 meliai
  27 merfolk
  13 trolls
  A meliai (shapeshifter) (Elf:2)
  A hornet (shapeshifter) (D:15)
  2 queen bees
  17 hellwings
  2 harpy skeletons (Pan)
  2 polar bears
  4 hornets
  4 wind drakes
  A dream sheep (shapeshifter) (Vaults:2)
  2 tarantellas (Vaults:3)
  Prince Ribbit (Bailey)
  A raiju (shapeshifter) (Elf:2)
  13 saltlings (Desolation)
  2 glass eyes
  10 snapping turtles
  5 spectral merfolk (Shoals:2)
  13 dream sheep
  23 raiju
  48 slime creatures
  16 blink frogs
  A stone giant simulacrum (Depths:2)
  A satyr skeleton (Crypt:3)
  2 ettin skeletons
  A fire dragon skeleton (Crypt:3)
  4 air elementals
  An orc simulacrum (Crypt:3)
  4 flying skulls (Gauntlet)
  10 wraiths
  27 yaks
  5 vampires
  5 ynoxinuls
  4 humans (Bailey)
  4 basilisks
  17 water elementals
  2 wyverns
  6 fire bats
  7 fire elementals
  17 neqoxecs
  13 starcursed masses
  3 ushabtiu
  5 golden eyes (Pan)
  11 chaos spawn
  Grum (D:8)
  5 steam dragons
  9 vampire mosquitoes
  Edmund (D:5)
  Menkaure (D:4)
  6 acid dragons
  2 naga zombies
  8 wargs
  6 small abominations
  60 nagas
  A spectral snapping turtle (Shoals:2)
  13 water moccasins
  A glowing shapeshifter zombie (Vaults:4)
  9 hell hounds
  A water nymph skeleton (Crypt:2)
  2 naga skeletons (Pan)
  A deep troll skeleton (Crypt:3)
  A glowing shapeshifter skeleton (Depths:2)
  37 orc warriors
  2 black bears
  An ettin simulacrum (Crypt:1)
  A swamp drake (shapeshifter) (Vaults:4)
  An ice beast (D:7)
  A spriggan simulacrum (Depths:1)
  A lindwurm zombie (Crypt:2)
  A tengu (shapeshifter) (D:15)
  31 ogres
  14 wolves
  A lindwurm skeleton (Crypt:2)
  A boggart (shapeshifter) (Vaults:5)
  7 centaurs
  A manticore skeleton (Crypt:2)
  A wolf (shapeshifter) (Vaults:5)
  A boggart (Vaults:4)
  2 phantoms (D:5)
  12 kobold brigands
  A salamander zombie (Crypt:1)
  4 scorpions
  14 bullfrogs
  6 earth elementals
  3 necrophages
  4 wights (D:10)
  A cyclops skeleton (Crypt:3)
  18 killer bees
  A warg skeleton (Crypt:1)
  A polar bear skeleton (Crypt:1)
  3 howler monkeys
  6 electric eels
  4 crimson imps (Pan)
  A quasit (Abyss:3)
  16 orc priests
  2 hounds
  5 jellies
  Crazy Yiuf (D:6)
  A gnoll bouda (D:6)
  A sleepcap (D:3)
  Jessica (D:2)
  Ijyb (D:5)
  2 iguanas (D:5)
  22 orc wizards
  A hell rat (Lair:5)
  A boggart skeleton (Crypt:3)
  An acid dragon skeleton (Crypt:3)
  16 gnolls
  6 adders
  An adder (shapeshifter) (D:14)
  2 shadow imps
  2 white imps
  A worm zombie (Crypt:2)
  A worm (shapeshifter) (D:14)
  4 worms
  4 dart slugs
  65 orcs
  6 bats
  A bat skeleton (Crypt:1)
  A bat zombie (Crypt:3)
  8 endoplasms
  An endoplasm (shapeshifter) (Depths:3)
  6 giant cockroaches
  A giant cockroach (shapeshifter) (Vaults:5)
  14 goblins
  6 hobgoblins
  6 jackals (D:1)
  42 kobolds
  2 quokkas
  11 ball pythons
  2 frilled lizards
  4 rats
  4 ball lightnings (Pan)
  A butterfly (D:4)
  8 starspawn tentacles
  2 tentacles (Shoals:2)
2898 creatures vanquished.

Vanquished Creatures (collateral kills)
  A pandemonium lord (Pan)
  An electric golem (Zot:5)
  An Orb Guardian (Zot:5)
  An acid blob (Slime:5)
  A storm dragon (Zot:5)
  2 daevas (Pan)
  5 cacodemons (Pan)
  A ghost moth (Zot:5)
  2 very ugly things (Pan)
  An ophan (Pan)
  A black draconian (Zot:5)
  A merfolk impaler (Shoals:4)
  A yaktaur captain (Vaults:3)
  A hell beast (Pan)
  A dancing weapon (Elf:2)
  A vampire mage (Crypt:2)
  2 soul eaters (Pan)
  2 sun demons (Pan)
  A sixfirhy (Pan)
  A sea snake (Shoals:3)
  A cherub (Pan)
  A shadow demon (Pan)
  2 lindwurms (Vaults:3)
  4 large abominations (Pan)
  A manticore (Shoals:4)
  A cyclops (Shoals:2)
  An orange demon (Pan)
  A smoke demon (Pan)
  A hellion (Pan)
  A yaktaur (Vaults:3)
  2 slime creatures
  A ynoxinul (Pan)
  A golden eye (Pan)
  A vampire mosquito (D:14)
  3 neqoxecs (Pan)
  5 chaos spawn (Pan)
  3 orcs (Orc:2)
58 creatures vanquished.

Vanquished Creatures (others)
  A fire giant (Depths:3)
  2 demonspawn blood saints (Pan)
  A merfolk javelineer (Shoals:4)
  A green death (Pan)
  A deep elf high priest (Vaults:5)
  An ice dragon (Depths:2)
  2 merfolk aquamancers
  2 naga warriors
  A thrashing horror (Abyss:6)
  A deep elf knight (Elf:2)
  A skeletal warrior (Crypt:3)
  A cherub (Pan)
  A sea snake (Shoals:2)
  3 deep elf zephyrmancers (Elf:2)
  A rust devil (Pan)
  A vault sentinel (Vaults:2)
  A naga mage (Snake:1)
  A gargoyle (D:14)
  A merfolk (Shoals:4)
  An ice devil (Pan)
  A tengu conjurer (D:15)
  A wind drake (Shoals:4)
  A hornet (Depths:3)
  A slime creature (D:14)
  A spriggan (Depths:3)
  2 ynoxinuls (Pan)
  A fire elemental (Elf:3)
  A basilisk (D:14)
  2 water elementals
  2 chaos spawn (Pan)
  An orc warrior (Orc:2)
  An electric eel (Elf:3)
  2 orcs (D:15)
  7 ball lightnings (Pan)
  A lurking horror (Abyss:6)
  14 starspawn tentacles
  6 tentacles (Shoals:2)
70 creatures vanquished.

Grand Total: 3026 creatures vanquished

Notes
Turn   | Place    | Note
-------+----------+-------------------------------------------
     0 | D:1      | Armakuni the Hill Orc Monk began the quest for the Orb.
     0 | D:1      | Reached XP level 1. HP: 19/19 MP: 1/1
   106 | D:1      | Reached XP level 2. HP: 26/26 MP: 2/2
   277 | D:1      | Found Fakagar's Antique Armour Emporium.
   316 | D:1      | Reached XP level 3. HP: 31/31 MP: 3/3
   603 | D:1      | Found Ympe Dech's Book Shop.
   633 | D:1      | Found Orphe's Antique Armour Shoppe.
  1269 | D:2      | Reached skill level 5 in Long Blades
  1466 | D:2      | Reached XP level 4. HP: 28/39 MP: 4/4
  1650 | D:2      | Noticed Jessica
  1661 | D:2      | Killed Jessica
  2323 | D:3      | Reached XP level 5. HP: 44/45 MP: 5/5
  2638 | D:3      | Found a bloodstained altar of Trog.
  3146 | D:4      | Noticed an ogre
  3222 | D:1      | Bought a pair of spiked gloves for 171 gold pieces
  3222 | D:1      | Identified the +2 pair of gloves of Lugonu's Hope {Dex+7
                  | Slay-2} (You bought it in a shop on level 1 of the Dungeon)
  3544 | D:5      | Entered Level 5 of the Dungeon
  3605 | D:5      | Noticed a lemure
  3605 | D:5      | Noticed a lemure
  3605 | D:5      | Noticed Pikel
  3685 | D:4      | Noticed Menkaure
  3697 | D:4      | Killed Menkaure
  3698 | D:4      | Reached XP level 6. HP: 12/51 MP: 6/6
  4008 | D:4      | Reached skill level 5 in Fighting
  4008 | D:4      | Reached XP level 7. HP: 61/61 MP: 7/7
  4118 | D:5      | Killed Pikel
  4119 | D:5      | Reached XP level 8. HP: 75/75 MP: 8/8
  4348 | D:4      | Found a staircase to the Ecumenical Temple.
  4362 | Temple   | Entered the Ecumenical Temple
  4402 | Temple   | Became a worshipper of the Shining One
  4402 | Temple   | Reached * piety under the Shining One
  4402 | Temple   | Reached ** piety under the Shining One
  5062 | D:5      | Reached skill level 10 in Fighting
  5119 | D:5      | Reached skill level 1 in Armour
  5136 | D:5      | Noticed Ijyb
  5142 | D:5      | Killed Ijyb
  5355 | D:5      | Noticed Edmund
  5367 | D:5      | Killed Edmund
  5523 | D:5      | Found a glowing silver altar of Zin.
  5791 | D:6      | Reached XP level 9. HP: 83/85 MP: 11/11
  6070 | D:1      | Bought a smoking scale mail for 198 gold pieces
  6070 | D:1      | Identified the +3 scale mail of Vushrenon {rC- rN+ Slay+2}
                  | (You bought it in a shop on level 1 of the Dungeon)
  6214 | D:6      | Reached skill level 5 in Armour
  6447 | D:6      | Found a runed translucent door.
  6448 | D:6      | Found a shimmering altar of Xom.
  6448 | D:6      | Noticed PanSaczeczos's ghost (novice DEHs)
  6448 | D:6      | Noticed a +1 trident of chaos
  6994 | D:6      | Found a runed translucent door.
  6995 | D:6      | Noticed Crazy Yiuf
  7004 | D:6      | Killed Crazy Yiuf
  7213 | D:7      | Found a sparkling altar of Nemelex Xobeh.
  7213 | D:7      | Found an opulent altar of Gozag.
  7344 | D:7      | Reached XP level 10. HP: 48/93 MP: 13/13
  7432 | D:7      | Noticed Jeremiah
  7481 | D:7      | Killed Jeremiah
  7482 | D:7      | Reached skill level 5 in Dodging
  7558 | D:7      | Found a flagged portal.
  7582 | Bailey   | Entered a bailey
  7595 | Bailey   | Reached skill level 10 in Long Blades
  7634 | Bailey   | Reached skill level 1 in Evocations
  7875 | Bailey   | Noticed Prince Ribbit
  7875 | Bailey   | Noticed a vault guard
  7898 | Bailey   | Killed Prince Ribbit
  7903 | Bailey   | Killed a vault guard
  7904 | Bailey   | Reached skill level 5 in Evocations
  8045 | Bailey   | Noticed a vault guard
  8045 | Bailey   | Reached *** piety under the Shining One
  8054 | Bailey   | Killed a vault guard
  8424 | D:7      | Found a broken altar of Ashenzari.
  8426 | D:7      | Found a basalt altar of Yredelemnul.
  8483 | D:7      | Found Poeclepp's Antique Armour Emporium.
  8683 | D:8      | Reached XP level 11. HP: 94/99 MP: 14/14
  8756 | D:8      | Noticed a death yak
  8757 | D:8      | Noticed a death yak
  8919 | D:8      | Found a white marble altar of Elyvilon.
  8919 | D:8      | Noticed Grum
  8938 | D:8      | Killed Grum
  8939 | D:8      | Reached skill level 5 in Invocations
  9381 | D:8      | Noticed a death yak
  9381 | D:8      | Noticed a death yak
  9386 | D:8      | Noticed a death yak
  9387 | D:8      | Noticed a death yak
  9390 | D:8      | Noticed a death yak
  9394 | D:8      | Killed a death yak
  9402 | D:8      | Killed a death yak
  9403 | D:8      | Killed a death yak
  9418 | D:8      | Killed a death yak
  9420 | D:8      | Killed a death yak
  9421 | D:8      | Reached skill level 10 in Invocations
  9676 | D:8      | Killed a death yak
 10327 | D:9      | Found a transporter.
 10332 | D:9      | Noticed dannycarnage's ghost (journeyman BaCj)
 10333 | D:9      | Noticed a deep elf archer
 10334 | D:9      | Found a transporter.
 10428 | D:8      | Found a staircase to the Lair.
 10545 | D:9      | Found a sacrificial altar of Ru.
 10731 | D:9      | Noticed a cyclops
 10771 | D:9      | Killed a cyclops
 10942 | D:9      | Got Zoigat's Papyrus of the Pyre and the Anticline
 11309 | D:10     | Entered Level 10 of the Dungeon
 11393 | D:10     | Noticed Gastronok
 11402 | D:10     | Reached XP level 12. HP: 93/105 MP: 19/21
 11425 | D:10     | Killed Gastronok
 12178 | D:10     | Got the Vademecum on Telluric Causimancy
 12380 | D:10     | Found an ornate altar of the Wu Jian Council.
 12667 | D:11     | Reached skill level 15 in Invocations
 12720 | D:11     | Noticed a boulder beetle
 12735 | D:11     | Killed a boulder beetle
 12818 | D:11     | Noticed a two-headed ogre
 12823 | D:11     | Killed a two-headed ogre
 13109 | D:11     | Noticed a two-headed ogre
 13121 | D:11     | Killed a two-headed ogre
 14022 | D:11     | Identified a scroll of acquirement
 14035 | D:11     | Acquired a manual of Dodging
 14401 | D:12     | Found Waewuss's Antique Armour Boutique.
 14648 | D:12     | Reached XP level 13. HP: 110/117 MP: 18/24
 14676 | D:12     | Noticed Azrael
 14681 | D:12     | Killed Azrael
 15124 | D:12     | Reached skill level 10 in Dodging
 15157 | D:12     | Found a staircase to the Orcish Mines.
 15205 | Orc:1    | Entered Level 1 of the Orcish Mines
 15246 | Orc:1    | Noticed Erica
 15258 | Orc:1    | Killed Erica
 15508 | Orc:2    | Entered Level 2 of the Orcish Mines
 15508 | Orc:2    | Noticed Maurice
 15513 | Orc:2    | Noticed Donald
 15604 | D:12     | Noticed Urug
 15632 | D:12     | Killed Urug
 16286 | D:13     | Reached **** piety under the Shining One
 16678 | D:13     | Found Cungifu's Assorted Antiques.
 16685 | D:13     | Bought a puce potion for 16 gold pieces
 17197 | D:14     | Noticed Agnes
 17204 | D:14     | Killed Agnes
 17213 | D:14     | Identified the ring "Camia" {*Slow rPois rN+ Str+3}
 17228 | D:14     | Reached XP level 14. HP: 43/125 MP: 2/25
 17487 | D:14     | Found a gate to the Vaults.
 17547 | D:14     | Reached skill level 15 in Dodging
 17585 | D:14     | Paralysed by an ogre mage for 4 turns
 17926 | D:1      | Bought a manual of Long Blades for 960 gold pieces
 18044 | Lair:1   | Entered Level 1 of the Lair of Beasts
 18110 | D:9      | Killed dannycarnage's ghost
 18114 | D:9      | Identified the +1 cloak "Biblegoj" {Harm rElec Int+6 Dex-5}
 19427 | Lair:2   | Found a gate leading to a gauntlet.
 19442 | Gauntlet | Entered a Gauntlet
 19442 | Gauntlet | Found a transporter.
 19442 | Gauntlet | Found a transporter.
 19446 | Gauntlet | Found a transporter.
 19448 | Gauntlet | Found a transporter.
 19456 | Gauntlet | Found a transporter.
 19465 | Gauntlet | Found a transporter.
 19471 | Gauntlet | Found a transporter.
 19479 | Gauntlet | Found a transporter.
 19496 | Gauntlet | Found a transporter.
 19504 | Gauntlet | Found a transporter.
 19521 | Gauntlet | Found a transporter.
 19600 | Gauntlet | Found a transporter.
 19954 | Gauntlet | Found the +10 dark maul {heavy}
 20116 | Lair:2   | Found a staircase to the Snake Pit.
 20128 | Lair:2   | Reached skill level 15 in Long Blades
 20168 | Lair:2   | Found a staircase to the Shoals.
 20963 | Lair:3   | Found a dark tunnel.
 20978 | Volcano  | Entered a volcano
 21020 | Volcano  | Found a radiant altar of Vehumet.
 21291 | Lair:3   | Upgraded the game from 0.31-a0-1101-g9ad1905e61 to
                  | 0.31-a0-1104-g3bd3108e02
 21368 | Lair:3   | Reached XP level 15. HP: 127/132 MP: 26/26
 21584 | Lair:3   | Noticed Josephine
 21599 | Lair:3   | Killed Josephine
 21995 | Lair:4   | Noticed Snorg
 22013 | Lair:4   | Killed Snorg
 23029 | Lair:5   | Entered Level 5 of the Lair of Beasts
 23476 | Lair:5   | Found a runed translucent gate.
 23476 | Lair:5   | Found a runed translucent gate.
 23476 | Lair:5   | Found a viscous altar of Jiyva.
 23476 | Lair:5   | Found a runed translucent gate.
 23476 | Lair:5   | Noticed an azure jelly
 23476 | Lair:5   | Noticed an azure jelly
 23476 | Lair:5   | Noticed an acid blob
 23476 | Lair:5   | Noticed heinrich's ghost (journeyman DjFE)
 23476 | Lair:5   | Noticed a rockslime
 23476 | Lair:5   | Noticed an acid blob
 23476 | Lair:5   | Noticed an acid blob
 23476 | Lair:5   | Reached ***** piety under the Shining One
 23476 | Lair:5   | Noticed an azure jelly
 23476 | Lair:5   | Noticed an azure jelly
 23477 | Lair:5   | Noticed an azure jelly
 23477 | Lair:5   | Noticed an acid blob
 23788 | Lair:5   | Found a burning altar of Makhleb.
 23870 | Lair:5   | Found a gateway to Hell.
 23877 | Lair:5   | Identified the +5 ring mail of Zin {Int+3}
 24056 | Lair:5   | Found a viscous altar of Jiyva.
 24056 | Lair:5   | Found a staircase to the Slime Pits.
 24937 | D:14     | Identified the maw talisman of the Game of Kings {rF+ Int+2
                  | Dex+2}
 24937 | D:14     | Noticed Rupert
 24937 | D:14     | Paralysed by Rupert for 5 turns
 24950 | D:14     | Killed Rupert
 25063 | D:15     | Entered Level 15 of the Dungeon
 25078 | D:15     | Reached XP level 16. HP: 113/139 MP: 24/27
 25517 | D:15     | Found a portal to a secret trove of treasure.
 25820 | D:15     | Found a staircase to the Depths.
 26073 | Depths:1 | Entered Level 1 of the Depths
 26073 | Depths:1 | Identified the serpent talisman of Waimmuij {rPois}
 26073 | Depths:1 | Noticed Aizul
 26092 | D:15     | Killed Aizul
 26226 | Depths:1 | Reached skill level 1 in Shields
 26572 | Snake:1  | Entered Level 1 of the Snake Pit
 27003 | Snake:1  | Found Hosa's Overcharged Wands.
 27121 | Snake:1  | Learned a level 1 spell: Apportation
 27619 | Snake:1  | Found a runed translucent door.
 27619 | Snake:1  | Noticed bmj180's ghost (adept HuCj)
 27654 | Snake:1  | Killed bmj180's ghost
 27656 | Snake:1  | Identified the +2 chain mail "Iliuhis" {rElec Str+2 Dex+2}
 27842 | Snake:2  | Reached XP level 17. HP: 125/146 MP: 16/28
 28045 | Snake:2  | Found a snail-covered altar of Cheibriados.
 28606 | Snake:2  | You fall into a shaft and drop 1 floor!
 29536 | Snake:3  | Got the Atlas of Incandescence
 30422 | Snake:4  | Entered Level 4 of the Snake Pit
 30579 | Snake:4  | Noticed Saint Roka
 30590 | Snake:4  | Killed Saint Roka
 30609 | Snake:4  | Found Ogalij's Distillery.
 30639 | Snake:4  | Bought a potion of mutation for 136 gold pieces
 30770 | Snake:4  | Identified the +9 sling of Wuji {freeze, rPois Will+ Int+3}
 31189 | Snake:4  | Reached XP level 18. HP: 154/154 MP: 32/32
 31796 | Snake:4  | Got a serpentine rune of Zot
 32026 | Shoals:1 | Entered Level 1 of the Shoals
 32393 | Shoals:1 | Noticed Louise
 32400 | Shoals:1 | Killed Louise
 32401 | Shoals:1 | Reached skill level 1 in Ranged Weapons
 33213 | Shoals:2 | Reached skill level 5 in Ranged Weapons
 34628 | Shoals:3 | Found a transporter.
 34729 | Shoals:3 | Noticed Kischierch's ghost (adept OpHs)
 34773 | Shoals:3 | Reached XP level 19. HP: 155/167 MP: 33/33
 35012 | Shoals:3 | Found a transporter.
 35134 | Shoals:4 | Entered Level 4 of the Shoals
 35306 | Shoals:4 | Noticed Ilsuiw
 35322 | Shoals:4 | Killed Ilsuiw
 35531 | Shoals:4 | Reached skill level 10 in Ranged Weapons
 35574 | Shoals:4 | Identified the scarf of Hegauf {+Inv, Regen+}
 35629 | Shoals:4 | Found Athioc's Self-Improvement Boutique.
 35680 | Shoals:4 | Got a barnacled rune of Zot
 35692 | Shoals:4 | Bought a manual of Fighting for 1200 gold pieces
 35975 | Shoals:4 | Got the Tome of Pneumatic Dislocation
 36315 | Shoals:3 | Reached skill level 15 in Fighting
 36340 | Shoals:3 | Killed Kischierch's ghost
 36397 | Shoals:3 | Identified the ring "Quchia Lazo" {Fire rElec rPois Will++
                  | MP-9}
 36704 | Vaults:1 | Entered Level 1 of the Vaults
 36860 | Orc:1    | Killed Maurice
 36870 | Orc:1    | Killed Donald
 36953 | Orc:2    | Found a staircase to the Elven Halls.
 36967 | Orc:2    | Found Zassa's Gadget Gallery.
 37378 | Orc:2    | Found Noehof's Jewellery Boutique.
 37378 | Orc:2    | Found Xoekical's Weapon Emporium.
 37378 | Orc:2    | Found Recicar's Armour Emporium.
 37378 | Orc:2    | Found Gesoraj's Book Shop.
 37665 | Orc:2    | Bought a +2 heavy scimitar for 211 gold pieces
 37687 | Elf:1    | Entered Level 1 of the Elven Halls
 38008 | Elf:1    | Reached skill level 5 in Shields
 38293 | Elf:1    | Paralysed by an air elemental for 1 turns
 38410 | Elf:1    | Reached XP level 20. HP: 162/178 MP: 34/34
 38426 | Elf:1    | Noticed Roxanne
 38438 | Elf:1    | Killed Roxanne
 38619 | Elf:1    | Noticed a Brimstone Fiend
 38623 | Elf:1    | Noticed a Brimstone Fiend
 38877 | Elf:1    | Got Xyixaseq's Anthology of Flame
 38884 | Elf:1    | Got the Thoughts on the Xenolith
 38895 | Elf:1    | Got the Elucidation of the Chill
 38902 | Elf:1    | Got the Codex of Clouds
 39155 | Elf:2    | Found a runed translucent gate.
 39155 | Elf:2    | Found a runed translucent gate.
 39157 | Elf:2    | Found a runed translucent gate.
 39347 | Elf:2    | Found Offotzag's Magic Scroll Boutique.
 39347 | Elf:2    | Found Lauxawum's Assorted Antiques.
 39590 | Elf:2    | Found a shimmering blue altar of Sif Muna.
 39630 | Elf:2    | Found a roughly hewn altar of Beogh.
 39739 | Elf:2    | Reached skill level 10 in Shields
 40330 | Elf:3    | Entered Level 3 of the Elven Halls
 40538 | Elf:3    | Found Gairuh's Distillery.
 41210 | Elf:3    | Noticed a Brimstone Fiend
 41212 | Elf:3    | Reached XP level 21. HP: 138/184 MP: 35/35
 41460 | Elf:3    | Identified the staff of the Forest {rN+ Will+++ rCorr Int+3
                  | Dex-3 Necro}
 41464 | Elf:3    | Got the Monograph on Intoxicating Refrigeration
 41612 | Elf:3    | Got the Incunable of Allies
 41618 | Elf:3    | Identified the +6 scale mail "Dyem" {Harm Slay+3 Stlth-}
 41621 | Elf:3    | Identified the ring of Freedom {rPois rN+ Dex+2}
 41625 | Elf:3    | Identified the +1 hat of the Zebra {-Tele Str-3 Dex+9
                  | Stlth+}
 41627 | Elf:3    | Got the Quarto of Fuming Reconstruction
 41632 | Elf:3    | Identified the +11 short sword "Ibladd" {freeze, rC+}
 41637 | Elf:3    | Identified the +8 glaive "Haugiumi" {elec, rElec rN++
                  | Dex+2}
 41759 | Elf:2    | Bought a scroll of acquirement for 832 gold pieces
 41759 | Elf:2    | Acquired a +3 heavy double sword
 41767 | Elf:2    | Bought a scroll of enchant weapon for 120 gold pieces
 41782 | Elf:2    | Bought a polished chain mail for 323 gold pieces
 41782 | Elf:2    | Identified the +1 chain mail "Ideseol" {-Cast rN++ Will++}
                  | (You bought it in a shop on level 2 of the Elven Halls)
 41971 | Vaults:1 | Noticed Norris
 41988 | Vaults:1 | Killed Norris
 41990 | Vaults:1 | Reached skill level 15 in Shields
 42171 | Vaults:1 | Found Facoruku's Assorted Antiques.
 42372 | Vaults:1 | Noticed Asterion
 42380 | Vaults:1 | Killed Asterion
 43941 | Vaults:2 | Reached XP level 22. HP: 190/210 MP: 36/36
 44230 | Vaults:2 | Reached skill level 10 in Armour
 44240 | Vaults:2 | Noticed Frederick
 44255 | Vaults:2 | Killed Frederick
 44563 | Vaults:2 | Found Icocveor's Armour Shoppe.
 44639 | Vaults:2 | You fall into a shaft and drop 2 floors!
 44939 | Vaults:3 | Found Putsypibet's Armour Shop.
 45003 | Vaults:3 | Found a crumbling gateway.
 45028 | Vaults:3 | Found a glowing golden altar of the Shining One.
 45028 | Vaults:3 | Found a glowing silver altar of Zin.
 45028 | Vaults:3 | Found a white marble altar of Elyvilon.
 45072 | Desolati | Entered the Desolation of Salt
 45231 | Vaults:3 | Got Xiodwiv's Tome of Misfortune
 45631 | Vaults:3 | Found a staircase to the Crypt.
 46098 | Vaults:4 | Reached skill level 15 in Armour
 46767 | Vaults:4 | Reached XP level 23. HP: 217/217 MP: 34/37
 46777 | Vaults:4 | Noticed Margery
 46788 | Vaults:3 | Killed Margery
 47360 | Crypt:1  | Entered Level 1 of the Crypt
 47403 | Crypt:1  | Identified the +2 robe of Philately {rF+}
 47406 | Crypt:1  | Acquired the +1 helmet "Plog" {Str+4}
 47678 | Crypt:1  | Reached ****** piety under the Shining One
 48026 | Crypt:1  | Found a shimmering blue altar of Sif Muna.
 48106 | Crypt:2  | Noticed Zenata
 48216 | Crypt:1  | Killed Zenata
 48906 | Crypt:3  | Entered Level 3 of the Crypt
 48906 | Crypt:3  | Noticed Boris
 48906 | Crypt:3  | Noticed Mennas
 48969 | Crypt:3  | Noticed Bai Suzhen
 48971 | Crypt:3  | Noticed Xtahua
 48990 | Crypt:2  | Killed Bai Suzhen
 49229 | Crypt:2  | Killed Xtahua
 49308 | Crypt:2  | Killed Mennas
 49617 | Crypt:3  | Killed Boris
 49654 | Crypt:3  | Reached XP level 24. HP: 187/225 MP: 19/39
 49768 | Crypt:3  | Found a basalt altar of Yredelemnul.
 49775 | Crypt:3  | Found an ancient bone altar of Kikubaaqudgha.
 49797 | Crypt:3  | Identified the staff "Goblinslayer" {rF+ rC+ Ice}
 49860 | Crypt:3  | Identified the +1 scale mail "Koos" {Fly rF+ Will+ Stlth-}
 50264 | Crypt:3  | Found a staircase to the Tomb.
 50689 | Vaults:5 | Entered Level 5 of the Vaults
 50689 | Vaults:5 | Noticed a dread lich
 51030 | Vaults:4 | Killed a dread lich
 51201 | Vaults:5 | Identified the ring "Ceuh" {rPois rN++ Str+6 Dex+3}
 51954 | Vaults:5 | Identified the amulet "Eteycs" {Reflect Dex-2 SH+5 SInv
                  | Stlth+}
 52085 | Vaults:5 | Identified the +7 glaive "Ahopal" {freeze, Drain rC+ rN+++
                  | Dex+4}
 52098 | Vaults:5 | Identified the +1 spear of Jamnol {heavy, Int+4}
 52231 | Vaults:5 | Reached XP level 25. HP: 185/233 MP: 40/40
 52281 | Vaults:5 | Got a silver rune of Zot
 52660 | Vaults:5 | Identified the +0 ring mail "Athriubbu" {Fly Will+}
 52784 | Vaults:5 | Identified the +9 chain mail of the Valley of Death {rPois
                  | Regen+}
 52809 | Vaults:5 | Identified the +6 trident of Checks and Balances {venom,
                  | rPois rC++}
 53394 | Depths:1 | Identified the +5 war axe of Skirmishing {flame, *Rage
                  | *Corrode Dex+8 SInv}
 53471 | Depths:1 | Found a glowing golden altar of the Shining One.
 53522 | Depths:1 | Reached skill level 27 in Invocations
 53563 | Depths:1 | Noticed Nikola
 53708 | Depths:1 | Killed Nikola
 53717 | Depths:1 | Noticed Mara
 53733 | Depths:1 | Killed Mara
 53797 | Depths:1 | Identified the +0 short sword "Qejenelaf" {flame, rF+}
 53804 | Depths:1 | Found a one-way gate to the infinite horrors of the Abyss.
 53839 | Depths:1 | Identified the +0 cloak of Happiness {Will+}
 53846 | Depths:1 | Identified the +1 leather armour of Polish {rElec Regen+
                  | Int-2}
 53937 | Depths:1 | Found Hyros's Antique Weapon Boutique.
 53939 | Depths:1 | Found Raja's Antique Weapon Shop.
 53942 | Depths:1 | Found Beishran's Weapon Boutique.
 54037 | Depths:1 | You fall into a shaft and drop 1 floor!
 54144 | Abyss:2  | Cast into level 2 of the Abyss (an occultist)
 54151 | Abyss:2  | Gained mutation: You are vulnerable to cold. (rC-) [a
                  | neqoxec]
 54152 | Abyss:3  | Found a corrupted altar of Lugonu.
 54248 | Abyss:5  | Got an abyssal rune of Zot
 54347 | Abyss:5  | Paralysed by accursed screaming for 1 turns
 54374 | Depths:2 | Escaped the Abyss
 54409 | Depths:2 | Lost mutation: You are vulnerable to cold. (rC-) [potion of
                  | mutation]
 54409 | Depths:2 | Gained mutation: You are frail. (-10% HP) [potion of
                  | mutation]
 54409 | Depths:2 | Gained mutation: You are clumsy. (Dex -2) [potion of
                  | mutation]
 54410 | Depths:2 | Lost mutation: You are frail. (-10% HP) [potion of
                  | mutation]
 54410 | Depths:2 | Lost mutation: You are clumsy. (Dex -2) [potion of
                  | mutation]
 54410 | Depths:2 | Gained mutation: Your spells are a little harder to cast,
                  | but a little more powerful. [potion of mutation]
 54410 | Depths:2 | Gained mutation: You have sharp toenails. [potion of
                  | mutation]
 54410 | Depths:2 | Gained mutation: Your spells are harder to cast, but more
                  | powerful. [potion of mutation]
 54545 | Depths:2 | Found a one-way gate leading to the halls of Pandemonium.
 55184 | Depths:2 | Identified the +4 spear of the Screaming Madman {heavy,
                  | Int+9}
 55412 | Depths:2 | Identified the +6 scale mail of the Thinker {rC+}
 56263 | Depths:3 | Reached XP level 26. HP: 240/240 MP: 40/40
 56640 | Depths:3 | Identified the ring "Ufink" {Fire rPois}
 56808 | Depths:3 | Found a corrupted altar of Lugonu.
 56996 | Depths:3 | Found a one-way gateway to a ziggurat.
 57271 | Depths:4 | Entered Level 4 of the Depths
 57718 | Elf:2    | Bought a scroll of enchant armour for 120 gold pieces
 57718 | Elf:2    | Bought a scroll of teleportation for 48 gold pieces
 57742 | Elf:3    | Bought a potion of curing for 54 gold pieces
 57742 | Elf:3    | Bought a potion of curing for 54 gold pieces
 57742 | Elf:3    | Bought a potion of heal wounds for 90 gold pieces
 57742 | Elf:3    | Bought a potion of enlightenment for 90 gold pieces
 57742 | Elf:3    | Bought a potion of magic for 144 gold pieces
 57742 | Elf:3    | Bought a potion of might for 72 gold pieces
 57742 | Elf:3    | Bought a potion of might for 72 gold pieces
 57964 | Vaults:1 | Bought a pair of embroidered boots for 292 gold pieces
 57964 | Vaults:1 | Bought a scroll of blinking for 292 gold pieces
 58065 | D:15     | You paid a toll of +3 gold dragon scales to enter a
                  | treasure trove
 58066 | Trove    | Entered a treasure trove
 58085 | Trove    | Identified the +1 helmet of Nihilism {rC+ Dex+4 SInv}
 58086 | Trove    | Identified the +2 pair of boots of Responsibility {Harm
                  | Rampage Dex-2}
 58112 | Trove    | Identified the +1 scimitar of Fedhas {holy, Contam Dex+2
                  | Stlth+}
 58483 | Slime:1  | Entered Level 1 of the Pits of Slime
 58603 | Slime:3  | Paralysed by a formless jellyfish for 1 turns
 58615 | Slime:3  | Paralysed by a formless jellyfish for 1 turns
 58702 | Slime:5  | Entered Level 5 of the Pits of Slime
 58835 | Slime:4  | Reached skill level 27 in Long Blades
 58978 | Slime:5  | Noticed the Royal Jelly
 59006 | Slime:5  | Killed the Royal Jelly
 59132 | Slime:5  | Found the amulet of the Air {Inacc Air Fly rElec RMsl}
 59149 | Slime:5  | Identified the +0 scale mail of Majestic Joy {rF++}
 59192 | Slime:5  | Identified the +0 scale mail "Yjol" {+Inv rElec Int-5
                  | Stlth+}
 59214 | Slime:5  | Got a slimy rune of Zot
 59216 | Slime:5  | Identified the +8 battleaxe "Impbane" {drain, *Rage rC++
                  | Int+6}
 59218 | Slime:5  | Identified the +2 long sword of Balance {flame, rPois Int-2
                  | Dex+2}
 59222 | Slime:5  | Identified the +6 halberd of the Lurker {pain, Str+2 Int+2}
 59787 | Lair:5   | Killed heinrich's ghost
 60335 | Pan      | Entered Pandemonium
 60341 | Pan      | Noticed Lakimiask the pandemonium lord
 60352 | Pan      | Killed Lakimiask the pandemonium lord
 60362 | Pan      | Reached XP level 27. HP: 86/247 MP: 21/40
 60990 | Pan      | Noticed Noshraz the pandemonium lord
 61002 | Pan      | Killed Noshraz the pandemonium lord
 61301 | Pan      | Noticed Sietrom the pandemonium lord
 61309 | Pan      | Killed Sietrom the pandemonium lord
 61519 | Pan      | Entered the realm of Gloorx Vloq.
 61632 | Pan      | Reached skill level 10 in Evocations
 61634 | Pan      | Reached skill level 15 in Ranged Weapons
 62029 | Pan      | Noticed Gloorx Vloq
 62336 | Pan      | Killed Gloorx Vloq
 62386 | Pan      | Got a dark rune of Zot
 62520 | Pan      | Noticed Lairor the pandemonium lord
 62530 | Pan      | Killed Lairor the pandemonium lord
 62668 | Pan      | Entered the realm of Mnoleg.
 62673 | Pan      | Gained mutation: Your magical capacity is low. (-10% MP) [a
                  | cacodemon]
 62739 | Pan      | Noticed Mnoleg
 62747 | Pan      | Killed Mnoleg
 62759 | Pan      | Gained mutation: You occasionally shout uncontrollably at
                  | your foes. [a cacodemon]
 62909 | Pan      | Got a glowing rune of Zot
 63047 | Pan      | Noticed Tyudghum the pandemonium lord
 63049 | Abyss:5  | Found a corrupted altar of Lugonu.
 63049 | Abyss:5  | Cast into level 5 of the Abyss (Tyudghum)
 63052 | Abyss:5  | Found a corrupted altar of Lugonu.
 63108 | Abyss:6  | Gained mutation: You are dopey. (Int -2) [a cacodemon]
 63127 | Abyss:6  | Found a corrupted altar of Lugonu.
 63170 | Pan      | Escaped the Abyss
 63173 | Pan      | Killed Tyudghum the pandemonium lord
 63476 | Pan      | Noticed Keeshrugo the pandemonium lord
 63488 | Pan      | Killed Keeshrugo the pandemonium lord
 63681 | Pan      | Entered the realm of Lom Lobon.
 63932 | Pan      | Noticed Lom Lobon
 64138 | Pan      | Got a magical rune of Zot
 64143 | Pan      | Found an exit through the horrors of the Abyss.
 64300 | Pan      | Noticed Juejis the pandemonium lord
 64307 | Pan      | Gained mutation: You do not regenerate when monsters are
                  | visible. [a cacodemon]
 64311 | Pan      | Lost mutation: Your spells are harder to cast, but more
                  | powerful. [potion of mutation]
 64311 | Pan      | Lost mutation: You do not regenerate when monsters are
                  | visible. [potion of mutation]
 64311 | Pan      | Lost mutation: You have sharp toenails. [potion of
                  | mutation]
 64311 | Pan      | Gained mutation: Your magical capacity is very low. (-20%
                  | MP) [potion of mutation]
 64311 | Pan      | Gained mutation: You are strong-willed. (Will+) [potion of
                  | mutation]
 64311 | Pan      | Gained mutation: You are highly strong-willed. (Will++)
                  | [potion of mutation]
 64727 | Pan      | Identified the +5 tower shield "Verch" {rPois}
 65564 | Pan      | Found a glowing golden altar of the Shining One.
 65569 | Pan      | Identified the +8 ice dragon scales "Nepabog" {*Slow rF-
                  | rC++ rCorr SInv}
 65569 | Pan      | Noticed a seraph
 65587 | Pan      | Killed a seraph
 65596 | Pan      | Got a demonic rune of Zot
 65623 | Pan      | Identified the +6 halberd "Houneaq" {spect, *Corrode rN++}
 66779 | Depths:2 | Escaped Pandemonium
 66822 | Pan      | Entered Pandemonium
 66932 | Pan      | Noticed Ylonucay the pandemonium lord
 66954 | Pan      | Killed Ylonucay the pandemonium lord
 66979 | Pan      | Entered the realm of Cerebov.
 67159 | Pan      | Found the +6 sword of Cerebov {flame}
 67159 | Pan      | Noticed Cerebov
 67186 | Pan      | Killed Cerebov
 67217 | Pan      | Identified the +6 rapier "Tileg" {venom, rC+}
 67241 | Pan      | Got Cigotuvi's Parchment of the Reshaped Morgue
 67241 | Pan      | Identified the +8 trident "Ototug" {heavy, rElec Will++}
 67280 | Pan      | Identified the +6 great mace of Esov {heavy, rC++ Int+3}
 67327 | Pan      | Got a fiery rune of Zot
 67386 | Depths:2 | Escaped Pandemonium
 67630 | Depths:4 | Noticed Parghit
 67823 | Depths:4 | Killed Parghit
 68466 | Depths:4 | Found a gate to the Realm of Zot.
 68472 | Zot:1    | Entered Level 1 of the Realm of Zot
 69026 | Zot:3    | Noticed an orb of fire
 69349 | Zot:4    | Noticed an orb of fire
 69353 | Zot:4    | Gained mutation: Your magical capacity is extremely low.
                  | (-30% MP) [an orb of fire]
 69360 | Zot:3    | Killed an orb of fire
 69365 | Zot:3    | Killed an orb of fire
 69733 | Zot:5    | Entered Level 5 of the Realm of Zot
 69743 | Zot:5    | Noticed an orb of fire
 69743 | Zot:5    | Noticed an orb of fire
 69743 | Zot:5    | Noticed an orb of fire
 69743 | Zot:5    | Noticed an orb of fire
 69743 | Zot:5    | Noticed an orb of fire
 69743 | Zot:5    | Noticed an orb of fire
 69744 | Zot:5    | Gained mutation: You are occasionally teleported next to
                  | monsters. [an orb of fire]
 69744 | Zot:5    | Gained mutation: You are vulnerable to cold. (rC-) [an orb
                  | of fire]
 69771 | Zot:5    | Reached skill level 1 in Spellcasting
 69771 | Zot:5    | Reached skill level 1 in Translocations
 69782 | Zot:5    | Noticed an orb of fire
 69787 | Zot:5    | Noticed an orb of fire
 69792 | Zot:5    | Noticed an orb of fire
 69792 | Zot:5    | Killed an orb of fire
 69793 | Zot:5    | Gained mutation: You sometimes lose your temper in combat.
                  | [an orb of fire]
 69798 | Zot:5    | Noticed an orb of fire
 69803 | Zot:5    | Killed an orb of fire
 69820 | Zot:5    | Gained mutation: You are clumsy. (Dex -2) [an orb of fire]
 69821 | Zot:5    | Gained mutation: Your body sometimes deteriorates upon
                  | taking damage. [an orb of fire]
 69849 | Zot:5    | Reached skill level 5 in Translocations
 69859 | Zot:5    | Killed an orb of fire
 69870 | Zot:5    | Noticed a dread lich
 69873 | Zot:5    | HP: 6/247 [orb of fire/bolt of fire (17)]
 69875 | Zot:4    | Gained mutation: You are very clumsy. (Dex -4) [an orb of
                  | fire]
 69876 | Zot:4    | Lost mutation: Your spells are a little harder to cast, but
                  | a little more powerful. [an orb of fire]
 69878 | Zot:4    | Gained mutation: You are very dopey. (Int -4) [an orb of
                  | fire]
 69890 | Zot:4    | Slain by a death cob

Illustrated notes

Levels and vault maps discovered:
D:1:      saegor_arrival_simple_e, layout_loops_corners, serial_shops, shop,
          shop, shop, minmay_pentomino_q4
D:2:      layout_basic, minmay_quadrilaterals, uniq_jessica
D:3:      layout_loops_ring, trog_book
D:4:      layout_loops_cross, minmay_temple_entry_butterflies, minmay_ruptured,
          uniq_menkaure
D:5:      layout_gridville, general_overflow_altar, minmay_misc_feat_enclosed,
          uniq_ijyb, uniq_edmund, uniq_pikel
D:6:      layout_loops_corners, ebering_ghost_xom, uniq_crazy_yiuf_cottage
D:7:      layout_loops_ring, grunt_temple_overflow_opulence,
          nicolae_overflow_hidden_temple, enter_bailey_4, serial_shops,
          nicolae_shop_tiny_waterfront, minmay_misc_feat_encased, uniq_jeremiah
D:8:      layout_loops_cross, mainiacjoe_overflow_tiny_flanked,
          dpeg_lair_monsters, minmay_misc_feat_nine_boxes, uniq_grum
D:9:      layout_basic, kennysheep_mini_moat, gammafunk_ghost_arena,
          minmay_radiant
D:10:     layout_roguey, nicolae_wu_jian_immortal_techniques, uniq_gastronok
D:11:     minmay_opposing_rooms, layout_basic
D:12:     layout_basic, erik_orc_2, serial_shops, shop, uniq_azrael, uniq_urug
D:13:     layout_grid_maze, serial_shops, shop
D:14:     minmay_the_grid_square_5x5_3x3
          [minmay_the_grid_square_5x5_hollow_slash,
          minmay_the_grid_square_5x5_inset, minmay_the_grid_square_5x5_dogpile,
          minmay_the_grid_square_5x5_inner_z,
          minmay_the_grid_square_5x5_megaprize_checkered,
          minmay_the_grid_square_5x5_tetrominoes,
          minmay_the_grid_square_5x5_doubleslash,
          minmay_the_grid_square_5x5_gyroscope,
          minmay_the_grid_square_5x5_half_checkered], layout_cave_pools,
          david_vaults_4, hangedman_decor_slide_cut, uniq_agnes, uniq_rupert
D:15:     gammafunk_enter_depths_forms, layout_cave_pools,
          dreamdust_wishing_well, nicolae_trove_entry_isolated
Temple:   nicolae_temple_figure_eight
Lair:1:   layout_regular_city, st_stairs_11, chequers_serial_rivers_small_b
Lair:2:   layout_regular_city, minmay_shoals_entry_beasts,
          minmay_snake_entry_guardpost_small, gauntlet_entry_generic
Lair:3:   layout_loops_ring, nicolae_volcano_entry_hallway, uniq_josephine
Lair:4:   layout_cave_pods, minivault_25, beast_lair_carwin_9,
          grunt_megastairs_3, serial_bayou_shore_b, uniq_snorg
Lair:5:   evil_forest, layout_long_grid, dpeg_slime_entry_enclosed,
          gammafunk_ghost_ooze, infiniplex_staircase_pool_2
Shoals:1: layout_shoals, nicolae_tricolors, uniq_louise
Shoals:2: layout_shoals, nicolae_shoals_spectral_cove
Shoals:3: layout_shoals, gammafunk_ghost_berserking_beasts
Shoals:4: shoals_end_simple, layout_shoals, shoals_ilsuiw_ice,
          nicolae_shop_self_help
Snake:1:  layout_cave_pods, gammafunk_ghost_grave,
          nicolae_shop_overcharged_wands
Snake:2:  layout_layer_cave, basic_altar
Snake:3:  layout_misc_corridors, serial_bayou, serial_bayou_shore_a,
          serial_bayou_lagoon_a, serial_bayou_crossing, serial_bayou_lake_a
Snake:4:  minmay_snake_end_coiled, layout_cave_town, serial_shops,
          nicolae_shop_temple_entry_statues_fountains, uniq_saint_roka
Slime:1:  layout_caves
Slime:2:  layout_caves, basic_altar
Slime:3:  layout_caves
Slime:4:  layout_caves
Slime:5:  slime_pit_nicolae_royal_road_to_ruin
Orc:1:    layout_caves, uniq_erica
Orc:2:    st_orc_ogre_mass, layout_caves, portal_ice_cave_demonic_guard,
          nicolae_shop_gadgets, uniq_maurice, uniq_donald
Elf:1:    nicolae_elf_arrival_fired_up, layout_loops_corners,
          hangedman_elf_represent, grunt_ministairs_13,
          serial_sigils_hangedman_scratch, nicolae_elf_elemental_lessons,
          uniq_roxanne
Elf:2:    elven_hall_of_blades_hangedman_original
          [nicolae_blade_entry_antechamber], layout_rooms, serial_shops, shop,
          nicolae_stop_n_shop_2, nicolae_elf_theology_debate
Elf:3:    elf_hall_gauntlet_wide, layout_geoelf_castle, serial_shops, shop,
          serial_library_hellmonk_layered_room
Vaults:1: v_misc_10, nicolae_vaults_heist, nicolae_vaults_trapezoid_lopsided_4,
          ontoclasm_vaults_claustrophobia, v_misc_2, v_pattern_2,
          vaults_mumra_lcd, v_misc_28, v_misc_28, grunt_vaults_diagonal,
          layout_vaults_ring, serial_shops, nicolae_shop_statue_plus,
          uniq_asterion, uniq_norris
Vaults:2: vaults_room_pools, v_misc_18, vaults_room_grid,
          nicolae_vaults_mush_room, v_alt_pattern_2, vaults_mumra_minichess,
          hangedman_vaults_capsules, nicolae_vaults_little_squares_4,
          vaults_dpeg_cross, layout_vaults_quadrants, serial_shops,
          nicolae_shop_statue_plus, uniq_frederick
Vaults:3: portal_desolation_entry_holy_temple,
          nicolae_vaults_door_testing_chamber, nicolae_vaults_house_1,
          nicolae_vaults_two_Ls, hangedman_vaults_stretched_pinwheel,
          v_alt_pattern_1, nicolae_vaults_heart-shaped_vault,
          vaults_dpeg_encased_lava, nicolae_vaults_double_plus_2,
          nicolae_vaults_weapon_check, layout_vaults_big_room, serial_shops,
          nicolae_diamond_shop
Vaults:4: nicolae_vaults_wrenched, nicolae_vaults_trapezoid_layered,
          vaults_room_corners, ontoclasm_vaults_shuriken, nicolae_vaults_swerve,
          nicolae_vaults_stepped_doors, vaults_mumra_hexcomb,
          hangedman_vaults_stitches, nicolae_vaults_heart-shaped_vault,
          nicolae_vaults_apartment_1, layout_vaults_omnicross, serial_shops,
          uniq_margery
Vaults:5: serial_shops
Crypt:1:  layout_misc_corridors, serial_glass, glass_columns_c, glass_columns_a,
          glass_columns_b, glass_columns_b,
          serial_library_hellmonk_narrow_alcove, wad_floor_pattern_2
Crypt:2:  layout_misc_corridors, hex_tiny, uniq_zenata
Crypt:3:  lightli_unholy_cathedral, layout_chaotic_city, lemuel_freeze_loot_1,
          uniq_boris, uniq_mennas, uniq_xtahua, uniq_bai_suzhen
Depths:1: layout_cave_pools, hellmouth_1, abyss_entry_small_statue_room,
          hangedman_abyss_or_decor_clamps, minmay_misc_feat_chi,
          nicolae_tso_swordbearing_angel, serial_bayou_shore_b,
          serial_bayou_shore_b, minmay_shop_star, uniq_nikola, uniq_mara,
          uniq_aizul
Depths:2: evilmike_diamond_1, layout_gridlike, nicolae_eternal_life,
          abyss_entry, rand_demon_pan_entry_7, hell_entry, serial_bayou_pond_a
Depths:3: grunt_deathspiral_small, layout_cave_pools, enter_ziggurat_d,
          infiniplex_staircase_pool_lava, abyss_entry_flame_altar, hell_entry,
          minmay_microvault
Depths:4: evilmike_zot_entry_gauntlet, layout_basic, pf_hell_entry_tar_river,
          rand_demon_pan_entry_3, minmay_fountain_box, uniq_parghit
Zot:1:    layout_concentric_octagons
Zot:2:    gammafunk_its_a_trap, layout_onion_interference, skrybe_zot_glass_2,
          grunt_megastairs_1
Zot:3:    layout_basic
Zot:4:    layout_gridville, hangedman_zot_decor_unnerving_road, uniq_josephina
Zot:5:    layout_misc_corridors

Skill      XL: |  1  2  3  4  5  6  7  8  9 10 11 12 13 14 15 16 17 18 19 20 21 22 23 24 25 26 27 |
---------------+----------------------------------------------------------------------------------+-----
Long Blades    | 4 5 6 7 9 10 11 17 20 23 24 27 | 27.0
Fighting       | 5 8 10 11 14 15 20 | 20.3
Armour         | 3 6 9 15 17 | 17.8
Invocations    | 3 4 13 15 20 21 24 26 27 | 27.0
Dodging        | 4 7 8 14 15 16 17 20 | 20.0
Evocations     | 5 10 | 10.0
Shields        | 4 6 13 15 | 15.0
Ranged Weapons | 8 13 14 25 | 25.6
Spellcasting   | 1 |  1.0
Translocations | 5 |  5.6

Action                     |  1- 3 |  4- 6 |  7- 9 | 10-12 | 13-15 | 16-18 | 19-21 | 22-24 | 25-27 || total
---------------------------+-------+-------+-------+-------+-------+-------+-------+-------+-------++-------
  Melee: Falchion          |    80 |    95 |   266 |   462 |    92 |    10 |       |       |       ||  1005
         Scimitar          |       |       |       |   240 |  1037 |  1383 |   631 |       |       ||  3291
         Double sword      |       |       |       |       |       |       |   259 |  1180 |  2196 ||  3635
   Fire: Sling             |       |       |       |       |       |   403 |   665 |    30 |    70 ||  1168
  Throw: Dart              |       |       |       |       |       |       |     4 |     2 |       ||     6
 Invoke: Divine Shield     |       |       |     2 |    11 |    15 |    29 |    18 |    32 |    42 ||   149
         Cleansing Flame   |       |       |       |     5 |    21 |    31 |    25 |    23 |   143 ||   248
         Summon Divine War |       |       |       |       |       |       |       |     3 |    17 ||    20
  Evoke: Wand              |       |       |       |    16 |    32 |    23 |    15 |     1 |    15 ||   102
         Phial of floods   |       |       |       |       |     2 |     3 |       |       |       ||     5
         Condenser vane    |       |       |       |       |     1 |     4 |     1 |     1 |     2 ||     9
         Box of beasts     |       |       |       |       |       |     1 |     1 |     1 |     2 ||     5
    Use: Scroll            |     3 |     8 |     4 |    16 |    12 |     4 |    19 |    10 |    32 ||   108
         Potion            |       |     3 |     1 |     3 |     8 |     3 |     1 |     4 |    59 ||    82
 Armour: Robe              |    46 |    50 |    17 |       |       |       |       |       |       ||   113
         Skin              |       |    10 |    10 |    26 |       |       |       |       |       ||    46
         Ring mail         |       |       |    66 |       |   277 |   572 |   325 |       |       ||  1240
         Scale mail        |       |       |    75 |   421 |   329 |       |       |   210 |     2 ||  1037
         Chain mail        |       |       |       |       |       |       |   127 |   499 |       ||   626
         Gold dragon scale |       |       |       |       |       |       |       |       |  1634 ||  1634
  Dodge: Dodged            |    66 |    48 |   134 |   414 |  1179 |  1426 |   834 |   909 |  1516 ||  6526
         Repelled          |       |       |       |       |     8 |    61 |    38 |    12 |    44 ||   163
  Block: Buckler           |       |       |       |       |       |   954 |   306 |       |       ||  1260
         Kite shield       |       |       |       |       |       |       |   661 |  1896 |  3117 ||  5674
         Reflection        |       |       |       |       |       |       |    62 |    92 |    85 ||   239
         Form:             |       |     1 |       |       |       |       |       |       |       ||     1
         Beast             |       |     1 |       |       |       |       |       |       |       ||     1

Table legend: (Time is in decaauts)
 A = Elapsed time spent in this place.
 B = Non-inter-level travel time spent in this place.
 C = Inter-level travel time spent in this place.
 D = Time resting spent in this place.
 E = Time spent auto-exploring this place.
 F = Levels seen in this place.
 G = Mean time per level.
                   A        B        C        D        E       F      G
               +--------+--------+--------+--------+--------+-----+--------+
         Total |  70043 |  63488 |   6555 |  11681 |  27885 |  84 |  833.8 |
       Dungeon |  20545 |  17491 |   3054 |   3526 |   9137 |  15 | 1369.7 |
        Temple |     76 |     41 |     35 |      0 |      0 |   1 |   76.0 |
          Lair |   5976 |   5163 |    813 |    412 |   3417 |   5 | 1195.2 |
        Shoals |   4578 |   4232 |    346 |    824 |   1635 |   4 | 1144.5 |
     Snake Pit |   5401 |   4944 |    457 |    583 |   2597 |   4 | 1350.2 |
    Slime Pits |    906 |    892 |     14 |    236 |      0 |   5 |  181.2 |
  Orcish Mines |   1256 |   1073 |    183 |     77 |    574 |   2 |  628.0 |
   Elven Halls |   4224 |   3937 |    287 |    274 |   1846 |   3 | 1408.0 |
        Vaults |   8280 |   7478 |    802 |   1403 |   3437 |   5 | 1656.0 |
         Crypt |   3401 |   3161 |    240 |    513 |   1434 |   3 | 1133.7 |
        Depths |   5138 |   4817 |    321 |    458 |   2537 |   4 | 1284.5 |
           Zot |   1432 |   1432 |      0 |    252 |    292 |   5 |  286.4 |
         Abyss |    360 |    360 |      0 |      6 |     12 |   6 |   60.0 |
   Pandemonium |   6979 |   6979 |      0 |   2732 |    703 |  17 |  410.5 |
         Trove |     60 |     60 |      0 |      0 |      2 |   1 |   60.0 |
        Bailey |    597 |    597 |      0 |    306 |     94 |   1 |  597.0 |
       Volcano |    282 |    282 |      0 |     23 |      0 |   1 |  282.0 |
    Desolation |     13 |     13 |      0 |      0 |      0 |   1 |   13.0 |
      Gauntlet |    531 |    531 |      0 |     52 |    165 |   1 |  531.0 |
               +--------+--------+--------+--------+--------+-----+--------+

Top non-repeatable levels by time:
Vaults:4: 2306 daAuts
Vaults:1: 1930 daAuts
    D:11: 1909 daAuts
     D:9: 1729 daAuts
    D:14: 1576 daAuts
    D:13: 1548 daAuts
Depths:2: 1533 daAuts
    D:12: 1520 daAuts
 Snake:4: 1492 daAuts
Vaults:3: 1487 daAuts
Depths:3: 1473 daAuts
   Elf:3: 1445 daAuts
     D:6: 1439 daAuts
 Snake:2: 1435 daAuts
Shoals:2: 1432 daAuts
